 Dungeon Crawl Stone Soup version 0.28-a0-1033-g1a2f33fa85 (webtiles) character file.

Game seed: 17597670023629024392

1421 bearlyready the Destroyer (level 8, -3/62 HPs)
             Began as a Black Draconian Conjurer on Dec 7, 2021.
             Was an Initiate of Gozag.
             Killed themself with a badly aimed iceblast (10 damage)
             ... on level 6 of the Dungeon.
             The game lasted 00:13:01 (9075 turns).

bearlyready the Destroyer (DrCj)                    Turns: 9075, Time: 00:13:02

Health: -3/62      AC:  7    Str:  9    XL:     8   Next: 44%
Magic:  1/12       EV: 12    Int: 22    God:    Gozag
Gold:   135        SH:  5    Dex:  9    Spells: 6/13 levels left

rFire   . . .      SeeInvis .   k - +0 dagger (venom)
rCold   . . .      Faith    .   (no shield)
rNeg    . . .      Spirit   .   (armour unavailable)
rPois   .          Reflect  +   (helmet restricted)
rElec   +          Harm     .   c - +0 cloak
rCorr   .          Rampage  .   (no gloves)
Will    .....                   (no boots)
Stlth   ++........              l - amulet of reflection
HPRegen 0.20/turn               (no ring)
MPRegen 0.13/turn               (no ring)

@: gold aura
A: breathe lightning, AC +6, unfitting armour, electricity resistance,
cold-blooded
a: Breathe Lightning, Renounce Religion, Potion Petition, Call Merchant, Bribe
Branch


You were on level 6 of the Dungeon.
You worshipped Gozag.
Gozag was aware of your devotion.
You visited 2 branches of the dungeon, and saw 7 of its levels.

You collected 176 gold pieces.
You paid 41 gold pieces to Gozag.

Inventory:

Hand Weapons
 k - a +0 dagger of venom (weapon)
Missiles
 g - 223 stones
 h - 35 sling bullets
 i - 36 poisoned darts
 j - 2 boomerangs of dispersal
 o - 5 atropa-tipped darts
Armour
 c - a +0 cloak (worn)
Jewellery
 l - an amulet of reflection (around neck)
Wands
 m - a wand of flame (13)
 t - a wand of mindburst (14)
 u - a wand of iceblast (9)
Scrolls
 a - 3 scrolls of teleportation {unknown}
 b - 3 scrolls of identify {unknown}
 f - a scroll of amnesia {unknown}
 p - a scroll of immolation {unknown}
 q - a scroll of holy word {unknown}
Potions
 d - a potion of degeneration {unknown}
 e - 2 potions of flight {unknown}
 n - a potion of curing
 r - a potion of might {unknown}
 s - a potion of haste {unknown}
 v - a potion of heal wounds {unknown}


   Skills:
 + Level 2.7 Fighting
 - Level 1.7 Dodging
 - Level 1.7 Stealth
 + Level 3.1 Spellcasting
 + Level 8.6 Conjurations
 - Level 5.3 Hexes


You had 6 spell levels left.
You knew the following spells:

 Your Spells              Type           Power      Damage    Failure   Level
a - Magic Dart            Conj           100%       1d8       1%          1
b - Searing Ray           Conj           82%        2d7       1%          2
c - Fulminant Prism       Conj/Hex       17%        3d11      7%          4

Your spell library contained the following spells:

 Spells                   Type           Power      Damage    Failure   Level
 Dazzling Flash           Conj/Hex       68%        N/A       1%          3
 Corpse Rot               Necr/Air       6%         N/A       19%         2
 Poisonous Vapours        Pois/Air       6%         N/A       19%         2
 Iskenderun's Mystic Bla  Conj/Tloc      22%        2d6       21%         4


Dungeon Overview and Level Annotations

Branches:
Dungeon (6/15)             Temple (1/1) D:4

Altars:
Cheibriados
Elyvilon
Fedhas
Gozag
Kikubaaqudgha
Makhleb
Nemelex Xobeh
Okawaru
Qazlal
Ru
Sif Muna
Trog
Uskayaw
Vehumet
Xom
Yredelemnul
Zin
The Shining One

Shops:
D:1 [:[!   D:2 *


Innate Abilities, Weirdness & Mutations

You can breathe wild blasts of lightning.
Your glossy black scales are hard. (AC +6)
You cannot fit into any form of body armour.
You are resistant to electric shocks. (rElec)
You are cold-blooded and may be slowed by cold attacks.


Message History

The orc warrior is heavily wounded.
You finish channelling your searing ray.
The orc warrior hits you with a +0 battleaxe!
The orc wizard gestures wildly while chanting.
The orc wizard flickers and vanishes!
Deactivating autopickup; reactivate with Ctrl-A.
Casting: Searing Ray (safe; 1% risk of failure)
Confirm with . or Enter, or press ? or * to list all spells.
Aiming: Searing Ray (safe; 1% risk of failure)
Press: ? - help, Shift-Dir - straight line, f/p - orc warrior
Aim: an orc warrior, wielding a +0 battleaxe and wearing a +0 chain mail (moderately wounded, 80% to hit)
The searing ray hits the orc warrior.
The orc warrior is heavily wounded.
The searing ray hits the orc priest.
The orc priest is heavily wounded. (Press . to maintain the ray.)
The orc warrior hits you with a +0 battleaxe!
The searing ray hits the orc warrior.
The orc warrior is severely wounded.
The searing ray hits the orc priest!
You kill the orc priest!
The orc warrior hits you with a +0 battleaxe!
The searing ray hits the orc warrior.
The orc warrior is almost dead.
The searing ray hits something!
The orc warrior hits you with a +0 battleaxe!
* * * LOW HITPOINT WARNING * * *
The searing ray hits the orc warrior.
You kill the orc warrior!
The searing ray hits something!
You finish channelling your searing ray.
Your Spellcasting skill increases to level 3!
Aiming: Iceblast
Press: ? - help, Shift-Dir - straight line, f - orc
Aim: an orc, wielding a +0 short sword The mass of ice explodes!
The iceblast engulfs something!
Reactivating autopickup.
You feel a bit more experienced. The iceblast engulfs you!
You die...
Your body crumbles into a pile of gold.

#...###...###.##.#....###
+.. '......##.##.#....#
#...##...#.##.##.#.#### $
#$o.o##.##.##.#.### $
#.###...##..>.#...# #.
#.#o.#..#####.# #.
...#$.#........##
##....#$.....#.....#
######@#........#.#
#....#.#.#.#.#
###..#.......#
##>######### ###


You could see an orc.

Vanquished Creatures
  An orc warrior (D:6)
  2 ogres
  2 centaurs (D:6)
  3 phantoms
  A bullfrog (D:6)
  A scorpion (D:4)
  A wyvern skeleton (D:4)
  A centaur zombie (D:5)
  A hound (D:3)
  2 orc priests (D:6)
  Crazy Yiuf (D:2)
  A bullfrog skeleton (D:6)
  Ijyb (D:5)
  Terence (D:3)
  5 iguanas
  A scorpion zombie (D:5)
  An orc wizard (D:6)
  2 hound skeletons (D:4)
  Robin (D:4)
  3 gnolls (D:4)
  A howler monkey skeleton (D:4)
  6 adders
  A shadow imp (D:6)
  An adder skeleton (D:4)
  2 worms
  2 dart slugs
  8 orcs
  7 endoplasms
  A giant cockroach (D:2)
  14 goblins
  8 hobgoblins
  5 jackals
  6 kobolds
  2 quokkas
  4 ball pythons
  3 bats
  2 frilled lizards
  6 rats
111 creatures vanquished.

Vanquished Creatures (others)
  3 fulminant prisms
  2 plants (D:2)
5 creatures vanquished.

Grand Total: 116 creatures vanquished

Notes
Turn   | Place    | Note
-------+----------+-------------------------------------------
     0 | D:1      | bearlyready the Draconian Conjurer began the quest for the
                  | Orb.
     0 | D:1      | Reached XP level 1. HP: 14/14 MP: 3/3
    69 | D:1      | Found Penet's Antique Armour Boutique.
    90 | D:1      | Found Wiateo's Distillery.
   117 | D:1      | Found a faded altar of an unknown god.
   323 | D:1      | Found Xoxeky Wuwoo's Book Shop.
   337 | D:1      | Reached XP level 2. HP: 19/20 MP: 0/5
  1031 | D:1      | Found Lingen's Armour Boutique.
  1267 | D:2      | Learned a level 2 spell: Searing Ray
  1355 | D:2      | Reached skill level 5 in Conjurations
  1538 | D:2      | Reached XP level 3. HP: 13/26 MP: 1/6
  1998 | D:2      | Found Wulaem's Assorted Antiques.
  2787 | D:2      | Found a runed translucent door.
  2788 | D:2      | Noticed Crazy Yiuf
  2816 | D:2      | Reached XP level 4. HP: 33/33 MP: 4/7
  2961 | D:2      | Killed Crazy Yiuf
  3275 | D:3      | Reached skill level 6 in Conjurations
  3332 | D:3      | Found a hide-covered altar of Uskayaw.
  3508 | D:3      | Reached XP level 5. HP: 20/38 MP: 1/8
  3925 | D:3      | Noticed Terence
  3970 | D:3      | Killed Terence
  3971 | D:3      | Reached skill level 7 in Conjurations
  5456 | D:4      | Reached XP level 6. HP: 43/45 MP: 5/9
  5681 | D:4      | Found a shimmering altar of Xom.
  5740 | D:4      | Found a shimmering altar of Xom.
  5740 | D:4      | Noticed Robin
  5831 | D:4      | Killed Robin
  6032 | D:4      | Found a staircase to the Ecumenical Temple.
  6392 | D:4      | Reached skill level 8 in Conjurations
  6602 | D:4      | Learned a level 4 spell: Fulminant Prism
  6742 | D:4      | Found a shimmering altar of Xom.
  6745 | D:4      | Found a shimmering altar of Xom.
  6746 | D:4      | Found a shimmering altar of Xom.
  6746 | D:4      | Found a shimmering altar of Xom.
  6791 | D:4      | Reached skill level 1 in Hexes
  7328 | D:5      | Entered Level 5 of the Dungeon
  7362 | D:5      | Your scales start taking on a glossy black colour.
  7362 | D:5      | Reached XP level 7. HP: 50/50 MP: 0/10
  7362 | D:5      | Gained mutation: You are resistant to electric shocks.
                  | (rElec) [Black Draconian growth]
  7666 | D:5      | Noticed Ijyb
  7679 | D:5      | Killed Ijyb
  7999 | Temple   | Entered the Ecumenical Temple
  8218 | Temple   | Became a worshipper of Gozag Ym Sagoz the Greedy
  8535 | D:6      | Reached skill level 5 in Hexes
  8711 | D:6      | Reached XP level 8. HP: 57/57 MP: 3/11
  8785 | D:6      | Reached skill level 1 in Fighting
  9075 | D:6      | Killed themself with a badly aimed iceblast

Illustrated notes

Levels and vault maps discovered:
D:1:      roderic_octagonal_star, layout_basic, shapermc_ecumenical_altar_petra,
          serial_shops, nicolae_shop_window_shopping, shop, shop,
          nicolae_lakefront_shop
D:2:      layout_loops_ring, serial_shops, nicolae_shop_overgrown_old_shop,
          kennysheep_generic_room_13, uniq_crazy_yiuf_cottage
D:3:      layout_loops_ring, nicolae_uskayaw_murder_on_the_dancefloor,
          uniq_terence
D:4:      layout_layer_cave, xom_redecorated, minmay_temple_entry_from_below_b,
          uniq_robin
D:5:      layout_basic, minmay_misc_feat_room, uniq_ijyb
D:6:      layout_basic, centaur_isle
Temple:   eino_temple_rhombus

Skill      XL: |  1  2  3  4  5  6  7  8 |
---------------+-------------------------+-----
Conjurations   | 5 6 7 8 |  8.6
Hexes          | 2 5 |  5.3
Fighting       | 2 |  2.7
Spellcasting   | 3 |  3.1
Dodging        | |  1.7
Stealth        | |  1.7

Action                   |  1- 3 |  4- 6 |  7- 9 || total
-------------------------+-------+-------+-------++-------
Melee: Unarmed           |   143 |   197 |       ||   340
       Tailslap          |    12 |    19 |     2 ||    33
       Dagger            |       |    33 |    13 ||    46
 Cast: Magic Dart        |    33 |    10 |     8 ||    51
       Searing Ray       |     7 |    35 |    10 ||    52
       Fulminant Prism   |       |       |     3 ||     3
 Abil: Breathe Lightning |       |       |     4 ||     4
  Use: Potion            |     1 |     1 |       ||     2
 Stab: Sleeping          |     5 |     1 |       ||     6
Armor: Skin              |    54 |   107 |    15 ||   176
Dodge: Dodged            |    97 |   197 |    28 ||   322
Block: Other             |       |     8 |    12 ||    20
       Reflection        |       |       |     3 ||     3

Table legend: (Time is in decaauts)
 A = Elapsed time spent in this place.
 B = Non-inter-level travel time spent in this place.
 C = Inter-level travel time spent in this place.
 D = Time resting spent in this place.
 E = Time spent auto-exploring this place.
 F = Levels seen in this place.
 G = Mean time per level.
                   A        B        C        D        E       F      G
               +--------+--------+--------+--------+--------+-----+--------+
         Total |   9092 |   8669 |    423 |    730 |   6540 |   7 | 1298.9 |
       Dungeon |   8866 |   8461 |    405 |    730 |   6351 |   6 | 1477.7 |
        Temple |    225 |    207 |     18 |      0 |    189 |   1 |  225.0 |
               +--------+--------+--------+--------+--------+-----+--------+

Top non-repeatable levels by time:
     D:2: 2346 daAuts
     D:4: 2085 daAuts
     D:3: 1504 daAuts
     D:1: 1431 daAuts
     D:5: 838 daAuts
     D:6: 661 daAuts
  Temple: 225 daAuts
